 Dungeon Crawl Stone Soup version 0.28.0-45-g0d030f2227 (webtiles) character file.

Game seed: 5647844476859423132

7 protoss039 the Digger (level 1, -1/14 HPs)
             Began as a Demonspawn Earth Elementalist on May 30, 2022.
             Succumbed to a goblin's poison
             ... on level 1 of the Dungeon.
             The game lasted 00:00:45 (408 turns).

protoss039 the Digger (DsEE)                         Turns: 408, Time: 00:00:45

Health: -1/14      AC:  3    Str:  8    XL:     1   Next: 91%
Magic:  2/3        EV: 12    Int: 16    God:
Gold:   19         SH:  0    Dex: 13    Spells: 3/4 levels left

rFire   . . .      SeeInvis .   a - +0 short sword
rCold   . . .      Faith    .   (no shield)
rNeg    . . .      Spirit   .   b - +0 robe
rPois   .          Reflect  .   d - +0 helmet
rElec   .          Harm     .   (no cloak)
rCorr   .          Rampage  .   (no gloves)
Will    .....                   (no boots)
Stlth   ++........              (no amulet)
HPRegen 0.04/turn               (no ring)
MPRegen 0.08/turn               (no ring)

@: lethally poisoned (-1 -> -19)
A: no striking features
a: no special abilities


You were on level 1 of the Dungeon.
You visited 1 branch of the dungeon, and saw 1 of its levels.

You collected 19 gold pieces.

Inventory:

Hand Weapons
 a - a +0 short sword (weapon)
Missiles
 c - 46 stones
Armour
 b - a +0 robe (worn)
 d - a +0 helmet (worn)
Scrolls
 e - a scroll of enchant armour {unknown}


   Skills:
 * Level 0.8 Fighting
 + Level 0.3 Armour
 - Level 1.7 Dodging
 - Level 1.7 Stealth
 + Level 2.1 Spellcasting
 - Level 1.0 Transmutations
 + Level 2.8 Earth Magic


You had 3 spell levels left.
You knew the following spells:

 Your Spells              Type           Power      Damage    Failure   Level
a - Sandblast             Erth           20%        2d7       7%          1

Your spell library contained the following spells:

 Spells                   Type           Power      Damage    Failure   Level
 Passwall                 Tmut/Erth      5%         N/A       14%         2
 Stone Arrow              Conj/Erth      12%        3d7       34%         3
 Petrify                  Tmut/Erth      7%         N/A       67%         4


Dungeon Overview and Level Annotations

Branches:
Dungeon (1/15)

Altars:


Message History

The dart slug launches a dart at you. The slug dart hits you.
Unknown command.
Unknown command.
You see here 10 gold pieces.
You now have 19 gold pieces (gained 10).
The rat barely misses you.
Unknown command.
You barely miss the rat. The rat barely misses you.
A frilled lizard comes into view.
Unknown command.
You barely miss the rat. The rat misses you.
Unknown command.
You barely miss the rat. The rat bites you.
Unknown command.
You hit the rat.
You kill the rat!
Unknown command.
You barely miss the goblin.
The goblin hits you with a +2 dagger of venom.
You are lethally poisoned!
Unknown command.
You hit the goblin but do no damage. Your punch misses the goblin.
You feel very sick. The goblin barely misses you.
The goblin completely misses you.
Unknown command.
You closely miss the goblin.
You feel sick.
The goblin hits you with a +2 dagger of venom.
* * * LOW HITPOINT WARNING * * *
You are more poisoned.
Unknown command.
Unknown command.
Casting: Sandblast (safe; 7% risk of failure)
Confirm with . or Enter, or press ? or * to list all spells.
Aiming: Sandblast (safe; 7% risk of failure)
Press: ? - help, Shift-Dir - straight line, f - goblin
Aim: a goblin, wielding a +2 dagger of venom (74% to hit)
The blast of sand hits the goblin!
You kill the goblin!
You die...

####.# . ......#
.# #...... #.
+...... $ #......
.#
....?...##.##.#
......wrb....#
#.#.# #)# #.#.#
#@# #...###.# #
#.......#
#.#.......# #
#.#.#.......#.#.#
.................
.###...........#
#.....###.#.#
#.......#.# #


You could see a dart slug, a bat and a rat.

Vanquished Creatures
  An endoplasm (D:1)
  2 ball pythons (D:1)
  2 bats (D:1)
  A goblin (D:1)
  A kobold (D:1)
  3 rats (D:1)
10 creatures vanquished.

Vanquished Creatures (others)
  A minotaur (D:1)
  A demonspawn (D:1)
  An octopode (D:1)
  A vine stalker (D:1)
  3 trolls (D:1)
  2 merfolk (D:1)
  A spriggan (D:1)
  A vampire (D:1)
  A dwarf (D:1)
  2 mummies (D:1)
  An orc (D:1)
  7 tentacles (D:1)
22 creatures vanquished.

Grand Total: 32 creatures vanquished

Notes
Turn   | Place    | Note
-------+----------+-------------------------------------------
     0 | D:1      | protoss039 the Demonspawn Earth Elementalist began the
                  | quest for the Orb.
     0 | D:1      | Reached XP level 1. HP: 13/13 MP: 3/3
     2 | D:1      | Noticed an octopode
     2 | D:1      | Noticed a merfolk
     2 | D:1      | Noticed a minotaur
     2 | D:1      | Noticed a merfolk
     2 | D:1      | Noticed a kraken
     2 | D:1      | Noticed a vine stalker
     2 | D:1      | Noticed a troll
     2 | D:1      | Noticed a troll
     2 | D:1      | Noticed a dwarf
     2 | D:1      | Noticed a vampire
     2 | D:1      | Noticed a troll
     2 | D:1      | Noticed a demonspawn
     2 | D:1      | Noticed a spriggan
     4 | D:1      | Killed a merfolk
     7 | D:1      | Killed an octopode
     9 | D:1      | Killed a troll
    10 | D:1      | Killed a dwarf
    13 | D:1      | Killed a troll
    13 | D:1      | Killed a minotaur
    15 | D:1      | Killed a vampire
    16 | D:1      | Killed a vine stalker
    17 | D:1      | Killed a spriggan
    18 | D:1      | Killed a merfolk
    18 | D:1      | Killed a troll
    18 | D:1      | Killed a demonspawn
    59 | D:1      | Reached skill level 1 in Transmutations
   408 | D:1      | Succumbed to a goblin's poison

Illustrated notes

Levels and vault maps discovered:
D:1:      nicolae_arrival_kraken_aquarium_b, layout_basic, st_stairs_11,
          minmay_misc_feat_square, minmay_tall_x

Skill      XL: |  1 |
---------------+----+-----
Transmutations | 1 |  1.0
Fighting       | |  0.8
Armour         | |  0.3
Dodging        | |  1.7
Stealth        | |  1.7
Spellcasting   | |  2.1
Earth Magic    | |  2.8

Action                   || total
-------------------------++-------
Melee: Short sword       ||    15
       Unarmed           ||     7
 Cast: Sandblast         ||     6
 Stab: Sleeping          ||     1
Armor: Robe              ||     9
Dodge: Dodged            ||    25
